 Dungeon Crawl Stone Soup version 0.29.1-15-g9cfb28693d (webtiles) character file.

Game seed: 585165827520459896

416 BuddhaDhamma the Cleaver (level 6, 0/51 HPs)
             Began as a Minotaur Berserker on Mar 22, 2023.
             Was a Priest of Trog.
             Killed by divine providence
             ... invoked by an orc priest
              (9 damage)
             ... on level 5 of the Dungeon.
             The game lasted 00:05:46 (3821 turns).

BuddhaDhamma the Cleaver (Minotaur Berserker)       Turns: 3821, Time: 00:05:47

Health: 0/51       AC:  7    Str: 23    XL:     6   Next: 60%
Magic:  5/5        EV: 10    Int:  4    God:    Trog [***...]
Gold:   177        SH:  0    Dex: 10    Spells: 5/5 levels left

rFire   . . .      SeeInvis .   a - +0 hand axe
rCold   . . .      Faith    .   (no shield)
rNeg    . . .      Spirit   .   k - +0 scale mail
rPois   .          Reflect  .   (helmet restricted)
rElec   .          Harm     .   (no cloak)
rCorr   .          Rampage  .   h - +0 pair of gloves
Will    .....                   (no boots)
Stlth   ..........              (no amulet)
HPRegen 0.17/turn               (no ring)
MPRegen 0.09/turn               (no ring)

@: on berserk cooldown, slowed, very slow
A: horns 2, retaliatory headbutt
a: Renounce Religion, Berserk, Trog's Hand


You were on level 5 of the Dungeon.
You worshipped Trog.
Trog was most pleased with you.
You visited 1 branch of the dungeon, and saw 5 of its levels.

You collected 177 gold pieces.

Inventory:

Hand Weapons
 a - a +0 hand axe (weapon)
Armour
 h - a +0 pair of gloves (worn)
 k - a +0 scale mail (worn)
Scrolls
 d - a scroll of enchant weapon {unknown}
 e - 2 scrolls of immolation
 i - 5 scrolls of identify {unknown}
 j - 2 scrolls of amnesia {unknown}
 n - a scroll of silence {unknown}
 p - a scroll of fear {unknown}
Potions
 b - a potion of ambrosia {unknown}
 c - 2 potions of haste {unknown}
 f - a potion of lignification {unknown}
 g - 3 potions of curing {unknown}
 l - a potion of invisibility {unknown}
 o - a potion of heal wounds {unknown}


   Skills:
 - Level 3.6 Fighting
 + Level 9.1 Axes
 - Level 2.4 Armour
 - Level 2.1 Dodging


You had 5 spell levels left.
You didn't know any spells.
Your spell library was empty.

Dungeon Overview and Level Annotations

Branches:
Dungeon (5/15)             Temple (0/1) D:4

Altars:
Sif Muna
Trog
The Shining One


Innate Abilities, Weirdness & Mutations

You have a pair of horns on your head.
You reflexively headbutt those who attack you in melee.


Message History

The orc shouts! x2; You hear a shout!
The orc wizard hits you with a +0 dagger.
An orc comes into view. It is wielding a +0 dagger.
The orc wizard gestures at you while chanting.
The magic dart hits you.
The orc wizard attacks as you move away!
The orc wizard barely misses you.
An orc comes into view. It is wielding a +0 dagger.
The orc shouts! x2; You hear a shout!
An orc comes into view. It is wielding a +0 flail.
An orc comes into view. It is wielding a +0 club.
The gnoll hits you with a +0 flail!
The orc shouts!
You hit the orc wizard but do no damage.
Your headbutt misses the orc wizard. You hit the gnoll.
You hit the orc wizard but do no damage.
You hear a shout!
The orc priest calls down the wrath of Beogh upon you.
Beogh smites you!
The orc wizard hits you but does no damage.
The gnoll misses you. The orc barely misses you.
The orc wizard hits you with a +0 dagger.
The orc wizard hits you but does no damage.
The gnoll barely misses you.
The orc wizard hits you with a +0 dagger.
The orc priest closely misses you. The orc barely misses you.
The gnoll closely misses you.
You hit the orc wizard. You headbutt the orc wizard!
The orc wizard is severely wounded.
You completely miss the orc priest. You closely miss the orc.
You hit the orc wizard. You closely miss the gnoll. You barely miss the orc.
The orc hits you but does no damage. x2
The orc wizard hits you but does no damage.
The orc wizard gestures at you while chanting.
The puff of flame hits you!
* * * LOW HITPOINT WARNING * * *
The orc priest mumbles some strange prayers to Beogh against you.
Beogh smites you!
You die...

.. ##.. ... ... #
##$# ###+#.##..#
..........####
..... #(o.o.#
...... #(g@oo###
......##)oooo.....
#..)#'##.o....
#.#)#.# .o.... #
#)#.# ......
#.#.##...... #
#....s......
#.#.#.########
#.#.###


You could see an orc priest, 2 orc wizards, a gnoll (swift) and 7 orcs.

Vanquished Creatures
  Pargi (D:4)
  A scorpion (D:5)
  A gnoll bouda (D:5)
  A hound (D:4)
  An iguana (D:5)
  5 adders
  3 gnolls (D:5)
  A white imp (D:5)
  An ufetubus (D:5)
  A worm (D:2)
  5 dart slugs
  2 orcs
  8 ball pythons
  13 endoplasms
  A giant cockroach (D:1)
  6 goblins
  6 hobgoblins
  2 jackals (D:2)
  7 quokkas
  7 bats
  3 frilled lizards (D:1)
  3 kobolds
  6 rats
85 creatures vanquished.

Notes
Turn   | Place    | Note
-------+----------+-------------------------------------------
     0 | D:1      | BuddhaDhamma the Minotaur Berserker began the quest for the
                  | Orb.
     0 | D:1      | Reached XP level 1. HP: 19/19 MP: 0/0
   102 | D:1      | Reached skill level 4 in Axes
   140 | D:1      | Reached XP level 2. HP: 23/26 MP: 1/1
   538 | D:1      | Reached skill level 5 in Axes
   566 | D:1      | Reached ** piety under Trog
   767 | D:2      | Reached XP level 3. HP: 21/31 MP: 2/2
   882 | D:2      | Found a faded altar of an unknown god.
  1437 | D:2      | Reached skill level 6 in Axes
  1437 | D:2      | Reached XP level 4. HP: 38/39 MP: 3/3
  2059 | D:3      | Reached *** piety under Trog
  2487 | D:4      | Noticed Pargi
  2497 | D:4      | Killed Pargi
  2498 | D:4      | Reached skill level 7 in Axes
  2498 | D:4      | Reached XP level 5. HP: 45/45 MP: 4/4
  2543 | D:4      | Reached skill level 8 in Axes
  2739 | D:4      | Found a glowing golden altar of the Shining One.
  2739 | D:4      | Found a bloodstained altar of Trog.
  2807 | D:4      | Found a staircase to the Ecumenical Temple.
  3149 | D:4      | Found a shimmering blue altar of Sif Muna.
  3558 | D:5      | Entered Level 5 of the Dungeon
  3586 | D:5      | Reached XP level 6. HP: 33/51 MP: 5/5
  3815 | D:5      | Reached skill level 9 in Axes
  3821 | D:5      | Killed from afar by an orc priest

Illustrated notes

Levels and vault maps discovered:
D:1:      denvon_arrival_waterhouse, layout_rooms
D:2:      layout_basic, hellmonk_ecumenical_altar_blasted
D:3:      layout_loops_ring, feat_on_display
D:4:      layout_layer_cave, mainiacjoe_overflow_tiny_flanked,
          amethyst_overflow_temple_binary, minmay_temple_entry_junction,
          uniq_pargi
D:5:      layout_basic, gammafunk_ghost_hive, serial_shops, shop, st_stairs_6

Skill      XL: |  1  2  3  4  5  6 |
---------------+-------------------+-----
Axes           | 4 5 6 7 8 9 |  9.1
Fighting       | |  3.6
Armour         | |  2.4
Dodging        | |  2.1

Action                   |  1- 3 |  4- 6 || total
-------------------------+-------+-------++-------
Melee: Hand axe          |    88 |   106 ||   194
       Headbutt          |     6 |    12 ||    18
       Punch             |     1 |     3 ||     4
Throw: Dart              |       |    15 ||    15
Invok: Berserk           |       |     2 ||     2
Armor: Animal skin       |     8 |       ||     8
       Leather armour    |    10 |       ||    10
       Ring mail         |    28 |     1 ||    29
       Scale mail        |       |    59 ||    59
Dodge: Dodged            |    46 |    47 ||    93
